 Dungeon Crawl Stone Soup version 0.29.1-1-gd02db6906a (webtiles) character file.

Game seed: 885131810846885365

210 LustLizard the Sneak (level 5, -1/26 HPs)
             Began as a Spriggan Arcane Marksman on Sept 25, 2022.
             Slain by an ogre
             ... wielding a +0 giant club
              (26 damage)
             ... on level 4 of the Dungeon.
             The game lasted 00:07:30 (4800 turns).

LustLizard the Sneak (Spriggan Arcane Marksman)     Turns: 4800, Time: 00:07:30

Health: -1/26      AC:  4    Str:  6    XL:     5   Next: 56%
Magic:  8/8        EV: 17    Int: 15    God:
Gold:   109        SH:  0    Dex: 17    Spells: 5/6 levels left

rFire   + . .      SeeInvis +   a - +1 sling
rCold   + . .      Faith    .   (no shield)
rNeg    . . .      Spirit   .   t - +2 animal skin
rPois   .          Reflect  .   (helmet restricted)
rElec   .          Harm     .   (no cloak)
rCorr   .          Rampage  .   (gloves unavailable)
Will    .....                   (boots unavailable)
Stlth   +++.......              (no amulet)
HPRegen 0.08/turn               i - ring of protection from cold
MPRegen 0.11/turn               o - ring of protection from fire

@: very quick
A: very small, no large weapons, unfitting armour, see invisible, speed 3
a: no special abilities


You were on level 4 of the Dungeon.
You visited 1 branch of the dungeon, and saw 4 of its levels.

You collected 109 gold pieces.

Inventory:

Hand Weapons
 a - a +1 sling (weapon)
Armour
 c - a +0 robe
 f - a +0 buckler
 t - a +2 animal skin (worn)
Jewellery
 i - a ring of protection from cold (left hand)
 o - a ring of protection from fire (right hand)
Scrolls
 b - a scroll of poison
 d - a scroll of brand weapon {unknown}
 j - a scroll of teleportation
 p - a scroll of magic mapping {unknown}
 q - a scroll of immolation {unknown}
 u - a scroll of vulnerability {unknown}
Potions
 e - 2 potions of lignification
 g - 2 potions of heal wounds
 h - a potion of berserk rage {unknown}
 k - 2 potions of invisibility
 l - a potion of resistance {unknown}
 m - a potion of haste {unknown}
 n - 2 potions of magic {unknown}
 r - a potion of flight {unknown}
 s - 4 potions of curing {unknown}


   Skills:
 + Level 2.0 Fighting
 * Level 3.9 Ranged Weapons
 - Level 2.6 Dodging
 * Level 5.1 Stealth
 - Level 1.3 Spellcasting
 - Level 4.0 Hexes


You had 5 spell levels left.
You knew the following spells:

 Your Spells              Type           Power      Damage    Failure   Level
a - Slow                  Hex            52%        N/A       4%          1

Your spell library contained the following spells:

 Spells                   Type           Power      Damage    Failure   Level
 Summon Small Mammal      Summ           4%         N/A       24%         1
 Inner Flame              Hex/Fire       7%         N/A       30%         3
 Portal Projectile        Hex/Tloc       14%        N/A       30%         3
 Summon Guardian Golem    Hex/Summ       7%         N/A       30%         3
 Static Discharge         Conj/Air       1%         3-4/arc   34%         2
 Cause Fear               Hex            6%         N/A       41%         4
 Call Canine Familiar     Summ           1%         N/A       56%         3
 Lightning Bolt           Conj/Air       0%         1d11      100%        5
 Maxwell's Capacitive Co  Air            0%         ∞         100%        8


Dungeon Overview and Level Annotations

Branches:
Dungeon (4/15)
 Temple: D:4-7

Altars:
Kikubaaqudgha
Makhleb

Shops:
D:2 [


Innate Abilities, Weirdness & Mutations

You are very small and have problems with some larger weapons.
You are too small for most types of armour.
You have supernaturally acute eyesight. (SInv)
You cover ground extremely quickly. (Speed+++)


Message History

Your Stealth skill increases to level 5!
You are too injured to fight recklessly!
There is a stone staircase leading up here.
You climb upwards.
There is a stone staircase leading down here.
HP restored.
Done exploring.
You see here the +1 ring mail of the Beekeeper {Str+5}.
Things that are here:
a +2 leather armour of willpower; a +0 dagger
There is an open door, spattered with blood here.
There is a stone staircase leading down here.
You climb downwards.
Found 4 stones.
There is a stone staircase leading up here.
An ufetubus comes into view.
You shoot a sling bullet.
The sling bullet barely misses the ufetubus.
The ufetubus shouts!
You shoot a sling bullet.
The sling bullet barely misses the ufetubus.
The ufetubus hits you but does no damage.
The ufetubus hits you.
You shoot a sling bullet. The sling bullet hits the ufetubus.
You kill the ufetubus!
You hear a shout!
No target in view!
An ogre comes into view. It is wielding a +0 giant club.
An ogre is nearby!
You shoot a sling bullet.
The sling bullet barely misses the ogre.
You shoot a sling bullet.
The sling bullet completely misses the ogre.
You shoot a sling bullet. The sling bullet hits the ogre.
The ogre is lightly wounded.
You shoot a sling bullet. The sling bullet hits the ogre.
The ogre is lightly wounded.
The ogre hits you with a +0 giant club!!
Ouch! That really hurt!
You die...

########.# . .( ...#
#.#. #..#####
##.#.##... ..#
#.....#..###.#
.##..#........@#
........#..#.O.#
#..............#
#.#.##.<##............
#..#####.######## #..#
#.# #... ... ..##
..... .## .....#


You could see an ogre.

Vanquished Creatures
  An orc priest (D:3)
  Robin (D:3)
  4 gnolls
  3 adders
  An ufetubus (D:4)
  3 worms
  2 dart slugs
  2 orcs (D:3)
  3 ball pythons
  7 bats
  9 endoplasms
  A giant cockroach (D:2)
  13 goblins
  7 hobgoblins
  2 jackals (D:1)
  11 kobolds
  2 quokkas
  3 frilled lizards (D:1)
  7 rats
82 creatures vanquished.

Vanquished Creatures (others)
  3 plants (D:3)
3 creatures vanquished.

Grand Total: 85 creatures vanquished

Notes
Turn   | Place    | Note
-------+----------+-------------------------------------------
     0 | D:1      | LustLizard the Spriggan Arcane Marksman began the quest for
                  | the Orb.
     0 | D:1      | Reached XP level 1. HP: 9/9 MP: 3/3
    77 | D:1      | Reached skill level 1 in Stealth
   103 | D:1      | Reached skill level 1 in Fighting
   103 | D:1      | Reached XP level 2. HP: 14/14 MP: 5/5
   556 | D:1      | Reached skill level 2 in Stealth
   989 | D:2      | Found Unifomni's Antique Armour Emporium.
  1156 | D:2      | Reached XP level 3. HP: 18/18 MP: 6/6
  1254 | D:2      | Reached skill level 3 in Stealth
  1483 | D:2      | Reached XP level 4. HP: 22/22 MP: 7/7
  1705 | D:2      | Found an ancient bone altar of Kikubaaqudgha.
  2657 | D:3      | Identified the +1 ring mail of the Beekeeper {Str+5}
  2686 | D:3      | Found a burning altar of Makhleb.
  2754 | D:3      | Reached skill level 4 in Stealth
  3130 | D:3      | Noticed Robin
  3254 | D:3      | Killed Robin
  3255 | D:3      | Reached XP level 5. HP: 13/26 MP: 6/8
  4541 | D:4      | Reached skill level 5 in Stealth
  4787 | D:4      | Noticed an ogre
  4800 | D:4      | Slain by an ogre

Illustrated notes

Levels and vault maps discovered:
D:1:      nzn_arrival_settlement, layout_loops_ring, serial_forest,
          infiniplex_forest_straight_2, infiniplex_forest_lined_ring,
          infiniplex_forest_split, infiniplex_forest_3_way,
          infiniplex_forest_straight_2, infiniplex_forest_straight_4,
          grunt_decor_fettered
D:2:      cheibrodos_helix_gallery, layout_loops_ring, serial_shops, shop,
          basic_altar
D:3:      layout_basic, general_overflow_altar, serial_park_tiny_1,
          serial_bayou_pond_d, minmay_bisected, uniq_robin
D:4:      minmay_recursive_quarters, layout_loops_cross, fedhas_altar_1,
          kennysheep_mini_moat, minmay_temple_entry_glass, uniq_sigmund,
          uniq_pikel, uniq_natasha

Skill      XL: |  1  2  3  4  5 |
---------------+----------------+-----
Stealth        | 1 2 3 4 5 |  5.1
Fighting       | 1 2 |  2.0
Hexes          | 4 |  4.0
Ranged Weapons | 3 |  3.9
Dodging        | |  2.6
Spellcasting   | |  1.3

Action                   |  1- 3 |  4- 6 || total
-------------------------+-------+-------++-------
 Fire: Sling             |   107 |   212 ||   319
 Cast: Slow              |       |     3 ||     3
  Use: Scroll            |       |     4 ||     4
Armor: Robe              |     7 |     2 ||     9
       Animal skin       |       |     4 ||     4
Dodge: Dodged            |    28 |    38 ||    66
